Map: Fracture LE

Players

rdt - Winner!

  • Race: Protoss Protoss
  • League: Silver
  • Spawn Location: 11:00

ConsKript

  • Race: Zerg Zerg
  • Spawn Location: 5:00

VOD

Have the link to the VOD?

Description

Time

  • Played on: Sept. 9, 2018, 5:46 a.m.
  • Length: 11:12
Show
View Real Time Build Order
Export as new Build Order

rdt Protoss - Winner!

Build Orders:  

Get SALT Encoding   

  12  0:02  Probe  
  13  0:14  Probe  
  14  0:19  Pylon  
  14  0:26  Probe  
  15  0:38  Probe  
  15  0:42  Gateway  
  16  0:50  Probe  
  17  1:10  Probe  
  18  1:21  Assimilator  
  18  1:22  Probe  
  19  1:31  Pylon  
  19  1:41  Pylon  
  19  1:45  Forge  
  19  1:46  Zealot  
  21  1:51  Pylon  
  21  1:54  Pylon  
  21  1:59  Probe  
  21  2:00  Cybernetics Core  
  22  2:12  Probe  
  22  2:13  Zealot  
  25  2:23  Photon Cannon  
  25  2:40  Zealot  
  26  2:48  Probe  
  27  2:52  Assimilator  
  27  2:59  Zealot  
  27  3:00  Probe  
  30  3:16  Probe  
  30  3:17  Warp Gate  
  31  3:25  Zealot  
  33  3:38  Pylon  
  33  3:40  Pylon  
  33  3:44  Gateway  
  33  3:49  Gateway  
  33  3:52  Stalker  
  35  4:05  Pylon  
  35  4:08  Photon Cannon  
  35  4:26  Zealot  
  37  4:41  Nexus  
  37  4:48  Pylon  
  37  4:50  Pylon  
  37  4:54  Pylon  
  37  5:01  Probe  
  38  5:07  Pylon  
  38  5:12  Assimilator  
  38  5:13  Probe  
  39  5:18  Shield Battery  
  39  5:20  Shield Battery  
  39  5:25  Probe  
  40  5:36  Protoss Ground Weapons Level 1  
  40  5:37  Probe  
  40  5:38  Sentry  
  40  5:39  Sentry  
  40  5:40  Stalker  
  47  5:49  Probe  
  48  6:04  Stalker x3  
  48  6:06  Probe  
  55  6:18  Probe  
  56  6:28  Probe  
  56  6:30  Probe  
  58  6:40  Probe  
  58  6:42  Probe  
  58  6:46  Stalker x2  
  64  6:47  Sentry  
  64  6:53  Probe  
  67  6:54  Probe  
  67  7:00  Assimilator  
  68  7:05  Probe  
  68  7:06  Probe  
  70  7:14  Protoss Ground Armor Level 1  
  70  7:17  Probe  
  70  7:21  Robotics Facility  
  71  7:24  Robotics Facility  
  71  7:29  Zealot  
  73  7:30  Stalker x2  
  77  7:45  Pylon  
  77  8:29  Stalker x3  
  91  8:41  Immortal x2  
  91  8:50  Twilight Council  
  91  9:05  Protoss Shields Level 1  
  91  9:25  Zealot  
  91  9:26  Stalker x2  
  95  9:47  Stalker  
  91  10:38  Stalker  
  91  10:39  Stalker x2  
Show
View Real Time Build Order
Export as new Build Order

ConsKript Zerg 

Build Orders: Pool First 

Get SALT Encoding   

  12  0:08  Drone x2  
  14  0:29  Spawning Pool  
  13  0:36  Drone  
  13  0:38  Overlord  
  14  0:58  Drone x2  
  16  1:15  Queen  
  18  1:38  Zergling x4  
  18  1:39  Zergling x2  
  21  1:44  Roach Warren  
  20  1:54  Extractor  
  20  1:55  Extractor  
  18  2:28  Drone x2  
  18  2:29  Drone  
  21  2:31  Overlord x3  
  21  2:58  Drone x2  
  21  2:59  Drone  
  21  3:01  Drone x2  
  26  3:31  Drone  
  27  3:37  Pneumatized Carapace  
  27  4:01  Roach x3  
  33  4:12  Drone  
  33  4:14  Hatchery  
  35  4:33  Lair  
  33  4:39  Ravager x2  
  35  4:58  Ravager  
  36  5:10  Hatchery  
  35  5:22  Drone  
  35  5:25  Drone x3  
  35  5:28  Queen  
  39  5:30  Queen  
  39  5:35  Drone  
  44  6:06  Queen  
  46  6:40  Spire  
  46  6:42  Drone x3  
  48  6:50  Drone x5, Extractor  
  48  6:51  Drone  
  48  6:52  Extractor  
  52  6:54  Drone x3  
  55  7:33  Drone  
  55  7:34  Drone x2  
  58  7:38  Overlord  
  58  7:39  Overlord x3  
  58  7:43  Overlord x3  
  49  9:00  Mutalisk  
  49  9:01  Mutalisk x2  
  55  9:06  Mutalisk x6  
  34  9:54  Mutalisk  
  34  9:55  Mutalisk x4  
  38  10:06  Mutalisk  
  29  10:46  Zergling x2  
  29  10:47  Zergling x4  
Tags
 
League
Silver
Matchup
PvZ
Opening
Pool First
Spawn Locations
Cross Positions
Add a new tag
Caveats
  • Supply blocks, unpowered buildings, or Contaminate may cause inaccurate times.
  • Supply counts are checked every 10 seconds.